 Dungeon Crawl Stone Soup version 0.25.1-2-g60ff931df9 (webtiles) character file.

Game seed: 9885507494429574704

217 Delamore the Skirmisher (level 5, 0/34 HPs)
             Began as a Gargoyle Fighter on Sept 8, 2020.
             Killed from afar by Natasha (8 damage)
             ... with a magic dart
             ... on level 3 of the Dungeon.
             The game lasted 00:02:19 (2622 turns).

Delamore the Skirmisher (Gargoyle Fighter)          Turns: 2622, Time: 00:02:20

Health: 0/34       AC: 10    Str: 21    XL:     5   Next: 94%
Magic:  5/5        EV:  7    Int:  8    God:
Gold:   157        SH: 14    Dex:  9    Spells: 4/4 levels left

rFire    . . .     SeeInvis .   a - +0 flail
rCold    . . .     Gourm    .   c - +0 kite shield
rNeg     + . .     Faith    .   b - +0 scale mail
rPois    ∞         Spirit   .   (no helmet)
rElec    +         Reflect  +   (no cloak)
rCorr    .         Harm     .   (no gloves)
MR       .....                  (no boots)
Stlth    ..........             j - amulet of reflection
HPRegen  0.11/turn              (no ring)
MPRegen  0.09/turn              (no ring)

@: slowed, very slow
A: negative energy resistance 1, electricity resistance, unbreathing,
petrification resistance, rot immunity, AC +4
a: no special abilities


You were on level 3 of the Dungeon.
You were hungry.

You visited 1 branch of the dungeon, and saw 3 of its levels.

You collected 157 gold pieces.

Inventory:

Hand Weapons
 a - a +0 flail (weapon)
Armour
 b - a +0 scale mail (worn)
 c - a +0 kite shield (worn)
Jewellery
 j - an amulet of reflection (around neck)
 n - an uncursed ring of fire
Scrolls
 e - a scroll of fog {unknown}
 h - 2 scrolls of identify {unknown}
 i - a scroll of blinking {unknown}
 q - a scroll of immolation {unknown}
 r - 3 scrolls of remove curse {unknown}
 t - a scroll of noise {unknown}
Potions
 d - 2 potions of might
 g - a potion of cancellation {unknown}
 k - a potion of brilliance
 m - a potion of experience {unknown}
 o - 2 potions of curing {unknown}
 p - a potion of resistance {unknown}
 s - a potion of magic {unknown}
Comestibles
 f - 7 rations
 l - 10 chunks of flesh


   Skills:
 + Level 4.8 Fighting
 + Level 3.7 Maces & Flails
 - Level 3.2 Armour
 + Level 4.8 Shields


You had 4 spell levels left.
You didn't know any spells.
Your spell library was empty.

Dungeon Overview and Level Annotations

Branches:
Dungeon (3/15)

Altars:
Dithmenos
Vehumet

Annotations:
D:3 Natasha


Innate Abilities, Weirdness & Mutations

You are resistant to torment.
Your stone body is resilient. (AC +4)
You are immune to poison.
You resist negative energy. (rN+)
You are resistant to electric shocks. (rElec)
You can survive without breathing.
You are immune to petrification.
You are immune to rotting.


Message History

You are too injured to fight recklessly!
You are too injured to fight recklessly!
You are too injured to fight recklessly!
You are too injured to fight recklessly!
You are too injured to fight recklessly!
You are too injured to fight recklessly!
Your shield and scale mail prevent you from hitting Natasha.
The crimson imp disappears in a puff of smoke!
Natasha mewls in sadness.
Natasha claws you but does no damage. You block Natasha's attack.
You closely miss Natasha. Natasha claws you.
* * * LOW HITPOINT WARNING * * *
You hit Natasha.
Natasha is lightly wounded.
You block Natasha's attack. x2
Your shield prevents you from hitting Natasha.
Natasha is lightly wounded.
Natasha casts a spell at you. The magic dart hits you!
You die...

##.###.###.# #.#
# #.. #.#
##.##.###.# #
...##.
#........###
#..##.##
##.##........
#..#
#.###.#.......###
#..#
#..)..#.#.###.#
#..# #.###.#)#)#
#.#
#..###÷###.#.#.#
#.#
#....@h......#.#
#.#
#..###.#######.#
#.# #..# #.#
##..# #.# #..#
#.#####.#.###.#
#..#
#......###...<#
#..#
#######.#.#####
#..# ##.## #.
#..# #.# #.# #..#
#.# #.#


You could see Natasha.

Vanquished Creatures
  Terence (D:2)
  A howler monkey skeleton (D:2)
  5 adders
  4 gnolls (D:3)
  3 worms (D:2)
  2 dart slugs (D:1)
  3 leopard geckos
  An orc (D:3)
  8 giant cockroaches
  10 goblins
  11 hobgoblins
  7 jackals
  5 quokkas (D:2)
  6 bats (D:1)
  2 frilled lizards (D:1)
  3 kobolds (D:1)
  8 rats
80 creatures vanquished.

Notes
Turn   | Place    | Note
-------+----------+-------------------------------------------
     0 | D:1      | Delamore the Gargoyle Fighter began the quest for the Orb.
     0 | D:1      | Reached XP level 1. HP: 14/14 MP: 1/1
   139 | D:1      | Reached XP level 2. HP: 19/19 MP: 2/2
   577 | D:1      | Reached XP level 3. HP: 24/24 MP: 3/3
  1161 | D:2      | Reached XP level 4. HP: 29/29 MP: 4/4
  1178 | D:2      | Noticed Terence
  1197 | D:2      | Killed Terence
  1764 | D:2      | Reached XP level 5. HP: 34/34 MP: 5/5
  1917 | D:2      | Found a shadowy altar of Dithmenos.
  2039 | D:3      | Found a radiant altar of Vehumet.
  2602 | D:3      | Noticed Natasha
  2622 | D:3      | Killed from afar by Natasha

Illustrated notes

Levels and vault maps discovered:
D:1:      lightli_arrival_chessboard, layout_basic
D:2:      layout_basic, nicolae_dithmenos_shadow_blocks, first_ration,
          uniq_terence
D:3:      layout_loops_ring, nicolae_overflow_hidden_temple, uniq_ijyb,
          uniq_crazy_yiuf_cottage, uniq_natasha

Skill      XL: |  1  2  3  4 |
---------------+-------------+-----
Fighting       | 4 |  4.8
Shields        | 4 |  4.8
Maces & Flails | 3 |  3.7
Armour         | |  3.2

Action                   |  1- 3 |  4- 6 || total
-------------------------+-------+-------++-------
Melee: Flail             |   153 |   240 ||   393
  Use: Potion            |       |     1 ||     1
  Eat: Chunk             |     1 |     5 ||     6
Armor: Scale mail        |   136 |   126 ||   262
Dodge: Dodged            |    82 |    89 ||   171
Block: Kite shield       |   125 |   250 ||   375
       Reflection        |       |     1 ||     1
